 Dungeon Crawl Stone Soup version 0.30.1-11-g7821555f0a (webtiles) character file.

Game seed: 4882099036347595521

6452 Jerry the Grappler (level 10, -3/102 HPs)
             Began as a Troll Monk on Dec 10, 2023.
             Slain by a death yak (22 damage)
             ... on level 8 of the Dungeon.
             The game lasted 00:25:55 (7503 turns).

Jerry the Grappler (Troll Monk)                     Turns: 7503, Time: 00:25:55

Health: -3/102     AC:  5    Str: 23    XL:     10   Next: 67%
Magic:  0/9        EV: 12    Int:  8    God:
Gold:   442        SH:  0    Dex: 12    Spells: 9/9 levels left

rFire   . .          .
                       - Unarmed
rCold   . . .        c - orb {light}
rNeg    . . .        a - +1 robe
rPois   +            (helmet restricted)
rElec   .            (no cloak)
rCorr   +            (gloves unavailable)
SInv    .            (boots unavailable)
Will    .....        i - amulet of guardian spirit
Stlth   +            d - ring of resist corrosion
HPRegen 1.17/turn    k - ring of poison resistance
MPRegen 0.11/turn

%: guardian spirit
@: glowing
A: large, unfitting armour, claws 3, regeneration 1, shaggy fur 1, tough skin 1,
mutation resistance 1, wild magic 1
a: no special abilities


You were on level 8 of the Dungeon.
You visited 3 branches of the dungeon, and saw 10 of its levels.
You also visited: Ossuary.

You collected 442 gold pieces.

Inventory:

Missiles
 l - 8 poisoned darts (quivered)
 E - a throwing net
Armour
 a - a +1 robe (worn)
 c - an orb of light (worn)
Jewellery
 d - a ring of resist corrosion (left claw)
 i - an amulet of guardian spirit (around neck)
 k - a ring of poison resistance (right claw)
 C - a ring of willpower
Wands
 s - a wand of iceblast (30)
 y - a wand of acid (18)
 D - a wand of digging (3)
Scrolls
 e - 9 scrolls of teleportation
 f - 3 scrolls of enchant armour
 j - 3 scrolls of immolation
 n - 2 scrolls of vulnerability
 q - 3 scrolls of fog
 t - 2 scrolls of acquirement
 v - 2 scrolls of amnesia
 A - 2 scrolls of identify
 B - a scroll of torment {unknown}
Potions
 b - 3 potions of ambrosia
 g - 6 potions of curing
 h - 2 potions of berserk rage
 m - 3 potions of lignification
 o - 2 potions of resistance {unknown}
 p - 2 potions of brilliance {unknown}
 r - a potion of haste
 u - 2 potions of cancellation
 w - 3 potions of flight {unknown}
 x - 7 potions of heal wounds
 z - 2 potions of degeneration {unknown}
 F - a potion of might {unknown}
 G - a potion of mutation


   Skills:
 + Level 7.3 Fighting
 + Level 7.3 Dodging
 * Level 11.9 Unarmed Combat


You had 9 spell levels left.
You didn't know any spells.
Your spell library contained the following spells:

 Spells                   Type           Power      Damage    Failure   Level
 Lesser Beckoning         Tloc           0%         N/A       63%         2
 Gell's Gravitas          Tloc           0%         N/A       85%         3
 Teleport Other           Tloc           0%         N/A       85%         3
 Vhi's Electric Charge    Tloc/Air       0%         N/A       85%         3
 Arcjolt                  Conj/Air       0%         1d10      100%        5
 Maxwell's Capacitive Co  Air            0%         ∞         100%        8


Dungeon Overview and Level Annotations

Branches:
Dungeon (8/15)             Temple (1/1) D:4            Lair (1/5) D:8
Ossuary (visited)

Altars:
Ashenzari
Cheibriados
Dithmenos
Elyvilon
Fedhas
Gozag
Hepliaklqana
Kikubaaqudgha
Makhleb
Nemelex Xobeh
Okawaru
Qazlal
Ru
Trog
Uskayaw
Vehumet
Wu Jian
Xom
Yredelemnul
Zin
The Shining One

Shops:
D:5 [

Portals:
Abyss: D:3

Annotations:
D:3 2 transporters, pzyfr's ghost, amateur MiBe
Lair:1 exclusion: oklob plant


Innate Abilities, Weirdness & Mutations

You are too large for most types of armour.
You have claws for hands.
Your natural rate of healing is unusually fast.
You are covered in fur. (AC +1)
You have tough skin. (AC +1)
You are somewhat resistant to further mutation.
Your spells are a little harder to cast, but a little more powerful.


Message History

Press: ? - help, Q - select action, (/) - cycle Shift-Dir - straight line, f/p - death yak
Aim: a death yak (very poisoned, haloed, 97% to hit)
You throw a poisoned dart. The poisoned dart hits the death yak.
The death yak looks as sick as possible!
The death yak bellows!
You claw the death yak!
The death yak is lightly wounded.
The death yak gores you!
A death yak comes into view.
The death yak gores you!
You climb upwards.
Welcome back to the Dungeon!
There is a staircase to the Lair, spattered with blood here.
You are too injured to fight recklessly!
You scratch the death yak but do no damage.
The death yak is lightly wounded.
The death yak gores you!!
You claw the death yak!
The death yak is moderately wounded.
The death yak closely misses you.
You scratch the death yak but do no damage.
The death yak is moderately wounded.
The death yak gores you!!
You scratch the death yak but do no damage.
The death yak is moderately wounded.
You claw the death yak!
The death yak is heavily wounded.
The death yak barely misses you.
You scratch the death yak but do no damage.
The death yak is heavily wounded.
The death yak gores you!
You scratch the death yak.
The death yak is heavily wounded.
The death yak gores you!!
* * * LOW HITPOINT WARNING * * *
You claw the death yak!
The death yak is severely wounded.
You claw the death yak!
The death yak is almost dead.
The death yak gores you!!
You die...

#......................
#......................
##............[.........
#................[[.....
#................[......
#.............=.........
#....#................⌠.
#....##÷÷.............._
#######@Y............#⌠.
#....................
######...............##...
#..............)....###...
#.........####.....## ###.
#.........# ####### ##
#.........# # #.........#
#.........#


You could see a death yak (very poisoned).

Vanquished Creatures
  An orc sorcerer (D:7)
  A steam dragon (D:8)
  11 yaks
  Menkaure (D:5)
  3 water moccasins
  An acid dragon (D:6)
  3 ice beasts
  A sky beast (D:7)
  3 black bears (D:6)
  2 orc warriors (D:6)
  An ogre (D:7)
  A centaur (D:6)
  A phantom (D:4)
  A kobold brigand (D:7)
  2 bullfrogs
  A gnoll sergeant (D:7)
  A wyvern zombie (Ossuary)
  4 scorpions (D:6)
  4 water moccasin zombies (Ossuary)
  5 wights (D:8)
  5 killer bees (D:8)
  2 howler monkeys (D:8)
  A centaur zombie (Ossuary)
  An orc priest (D:6)
  2 bullfrog zombies (Ossuary)
  2 hounds
  6 jellies
  A gnoll bouda (D:5)
  A sleepcap (D:6)
  14 mummies (Ossuary)
  Ijyb (D:5)
  5 iguanas
  6 orc wizards
  A killer bee zombie (Ossuary)
  2 howler monkey zombies (Ossuary)
  7 adders
  11 gnolls
  An ufetubus (D:4)
  A worm (D:2)
  4 dart slugs
  19 orcs
  11 endoplasms
  7 giant cockroaches
  8 goblins
  7 hobgoblins
  4 jackals
  4 quokkas
  8 ball pythons
  7 bats
  6 frilled lizards
  14 kobolds
  5 rats
  A butterfly (D:4)
223 creatures vanquished.

Vanquished Creatures (others)
  A kobold (D:7)
1 creature vanquished.

Grand Total: 224 creatures vanquished

Notes
Turn   | Place    | Note
-------+----------+-------------------------------------------
     0 | D:1      | Jerry the Troll Monk began the quest for the Orb.
     0 | D:1      | Reached XP level 1. HP: 22/22 MP: 0/0
   130 | D:1      | Reached XP level 2. HP: 29/29 MP: 1/1
   397 | D:1      | Reached XP level 3. HP: 36/36 MP: 2/2
  1428 | D:2      | Reached skill level 4 in Unarmed Combat
  1914 | D:3      | Reached XP level 4. HP: 44/44 MP: 3/3
  1924 | D:3      | Found a transporter.
  2131 | D:3      | Noticed a toenail golem
  2136 | D:3      | Noticed pzyfr's ghost (amateur MiBe)
  2136 | D:3      | Noticed a small abomination
  2144 | D:3      | Found a one-way gate to the infinite horrors of the Abyss.
  2147 | D:3      | Found a transporter.
  2194 | D:3      | Found a radiant altar of Vehumet.
  2354 | D:3      | Found a glowing silver altar of Zin.
  2355 | D:3      | Noticed an angel
  2479 | D:4      | Reached XP level 5. HP: 44/53 MP: 4/4
  2527 | D:4      | You fall into a shaft and drop 3 floors!
  2537 | D:7      | Noticed an ice beast
  2551 | D:7      | Killed an ice beast
  2552 | D:7      | Reached skill level 5 in Unarmed Combat
  2636 | D:7      | Noticed a sky beast
  2646 | D:7      | Killed a sky beast
  2647 | D:7      | Reached XP level 6. HP: 47/61 MP: 5/5
  2660 | D:7      | Found a sand-covered staircase.
  2676 | Ossuary  | Entered an ossuary
  2755 | Ossuary  | Reached skill level 6 in Unarmed Combat
  2755 | Ossuary  | Reached XP level 7. HP: 68/68 MP: 6/6
  2869 | Ossuary  | Reached skill level 7 in Unarmed Combat
  2944 | Ossuary  | Reached XP level 8. HP: 79/79 MP: 7/7
  3209 | D:7      | Gained mutation: You are somewhat resistant to further
                  | mutation. [potion of mutation]
  3209 | D:7      | Gained mutation: Your spells are a little harder to cast,
                  | but a little more powerful. [potion of mutation]
  3217 | D:7      | Found a shadowy altar of Dithmenos.
  3267 | D:7      | Found a sacrificial altar of Ru.
  3411 | D:7      | Noticed an orc sorcerer
  3437 | D:7      | Reached skill level 8 in Unarmed Combat
  3467 | D:7      | Reached skill level 5 in Fighting
  3467 | D:7      | Reached skill level 5 in Dodging
  3511 | D:7      | Paralysed by an orc sorcerer for 5 turns
  3513 | D:7      | Noticed a sixfirhy
  3517 | D:7      | Noticed a rust devil
  3517 | D:7      | Killed an orc sorcerer
  3952 | D:8      | Reached XP level 9. HP: 45/84 MP: 4/8
  3981 | D:8      | Reached skill level 9 in Unarmed Combat
  4139 | D:8      | Found a sparkling altar of Nemelex Xobeh.
  4174 | D:8      | Found a staircase to the Lair.
  4334 | D:8      | Reached skill level 10 in Unarmed Combat
  4562 | D:8      | Identified a scroll of acquirement
  4789 | D:6      | Reached XP level 10. HP: 96/100 MP: 6/9
  5130 | D:6      | Reached skill level 11 in Unarmed Combat
  5355 | D:5      | Entered Level 5 of the Dungeon
  5385 | D:5      | Found a bloodstained altar of Trog.
  5387 | D:5      | Noticed Menkaure
  5549 | D:5      | Found Bekosaw's Antique Armour Boutique.
  5588 | D:5      | Killed Menkaure
  6030 | D:5      | Noticed Ijyb
  6037 | D:5      | Killed Ijyb
  6273 | D:4      | Found a burning altar of Makhleb.
  6384 | D:4      | Found a shimmering altar of Xom.
  6389 | D:4      | Found a staircase to the Ecumenical Temple.
  6402 | Temple   | Entered the Ecumenical Temple
  6965 | D:4      | Found a hazy altar of Hepliaklqana.
  7272 | Lair:1   | Entered Level 1 of the Lair of Beasts
  7425 | Lair:1   | Found an iron altar of Okawaru.
  7425 | Lair:1   | Noticed an oklob plant
  7449 | Lair:1   | Noticed a death yak
  7449 | Lair:1   | Noticed a death yak
  7492 | Lair:1   | Noticed a death yak
  7493 | Lair:1   | Noticed a death yak
  7503 | D:8      | Slain by a death yak

Illustrated notes

Levels and vault maps discovered:
D:1:      dpeg_arrival_round_a, layout_basic
D:2:      minmay_chambers_of_ones, layout_basic
D:3:      layout_rooms, zin_angel, mainiacjoe_overflow_small_starburst,
          gammafunk_ghost_abyssal_escape, nicolae_titane
D:4:      layout_basic, nicolae_hepliaklqana_hazy_memory, bloody_makhleb,
          xom_butterflies, minmay_temple_entry_water_ring, grunt_ministairs_5,
          patterned_corridor
D:5:      layout_basic, mainiacjoe_overflow_brackets, serial_shops, shop,
          uniq_ijyb, uniq_menkaure
D:6:      hangedman_cross_stitches, layout_cave_pools, serial_bayou_lagoon_a
D:7:      cheibrodos_wizards_tower, layout_loops_ring,
          mainiacjoe_overflow_paths, nicolae_ru_great_annihilating_truth,
          serial_rivers, chequers_serial_rivers_room_b,
          chequers_serial_rivers_micro_c, chequers_serial_rivers_micro_a,
          chequers_serial_rivers_small_3, chequers_serial_rivers_large_b,
          nicolae_ossuary_entry_false_entrances
D:8:      layout_basic, nemelex_xobeh_ov_fountains_minmay, lair_entry_dummy
Temple:   chequers_temple_sunken
Lair:1:   layout_regular_city, lemuel_oklob_altar, grunt_megastairs_1,
          uniq_joseph

Skill      XL: |  1  2  3  4  5  6  7  8  9 10 |
---------------+-------------------------------+-----
Unarmed Combat | 4 5 6 7 8 10 11 | 11.9
Dodging        | 3 4 5 6 7 |  7.3
Fighting       | 3 4 5 6 7 |  7.3

Action                     |  1- 3 |  4- 6 |  7- 9 | 10-12 || total
---------------------------+-------+-------+-------+-------++-------
  Melee: Unarmed           |    81 |    87 |   236 |   183 ||   587
  Throw: Dart              |       |     2 |       |     4 ||     6
    Use: Scroll            |       |     8 |     6 |       ||    14
         Potion            |       |       |     1 |       ||     1
   Stab: Paralysed         |       |       |     1 |       ||     1
 Armour: Robe              |    26 |    26 |    39 |    22 ||   113
  Dodge: Dodged            |    28 |    41 |   108 |    86 ||   263
